 Dungeon Crawl Stone Soup version 0.30.1-4-g462c640d31 (webtiles) character file.

Game seed: 3471207025855393169

2818 Zeor the Destroyer (level 9, -6/35 HPs)
             Began as a Felid Conjurer on Aug 28, 2023.
             Was an Elder of Jiyva.
             Mangled by a hornet (13 damage)
             ... on level 9 of the Dungeon.
             The game lasted 00:30:33 (8827 turns).

Zeor the Destroyer (Felid Conjurer)                 Turns: 8827, Time: 00:30:33

Health: -6/35      AC: -2    Str:  2    XL:     9   Next: 44%
Magic:  15/21      EV: 23    Int: 22    God:    Jiyva [****..]
Gold:   51         SH:  0    Dex: 19    Spells: 3/23 levels left
                                        Lives:  0   Deaths: 2

rFire   . .          .
                       - Unarmed
rCold   . . .        (shield unavailable)
rNeg    . . .        (body armour unavailable)
rPois   .            (helmet unavailable)
rElec   .            (cloak unavailable)
rCorr   +            (gloves unavailable)
SInv    +            (boots unavailable)
Will    +....        e - amulet of the acrobat
Stlth   +++          (no ring)
HPRegen 1.53/turn    (no ring)
MPRegen 0.57/turn

%: acrobat
@: lethally poisoned (-6 -> -6), corroded, calling ooze, quick
A: very small, claws 1, fangs 3, see invisible, speed 1, shaggy fur 2, stealthy
paws, no weapons or thrown items, no armour, multi-lived, antennae 3, agile 1
a: Renounce Religion, Oozemancy, Slimify


You were on level 9 of the Dungeon.
You worshipped Jiyva.
Jiyva was greatly pleased with you.
You visited 1 branch of the dungeon, and saw 9 of its levels.
You also visited: Sewer.

You collected 167 gold pieces.
You spent 116 gold pieces at shops.

Inventory:

Jewellery
 e - an amulet of the acrobat (around neck)
Wands
 c - a wand of charming (7)
 d - a wand of mindburst (12)
 g - a wand of light (11)
Scrolls
 m - 2 scrolls of blinking
 n - a scroll of teleportation
 o - a scroll of fog
 p - a scroll of amnesia
Potions
 a - 2 potions of curing
 b - 2 potions of resistance
 f - a potion of magic
 h - 2 potions of mutation
 i - 4 potions of heal wounds
 j - a potion of might
 k - 3 potions of haste
 l - a potion of cancellation {unknown}
 q - 2 potions of lignification {unknown}
 r - a potion of berserk rage {unknown}
 s - 2 potions of brilliance


   Skills:
 + Level 1.4 Fighting
 * Level 8.2 Dodging
 + Level 5.7 Stealth
 + Level 2.1 Unarmed Combat
 * Level 7.8 Spellcasting
 * Level 9.1 Conjurations
 + Level 2.4 Hexes
 + Level 1.7 Earth Magic


You had 3 spell levels left.
You knew the following spells:

 Your Spells              Type           Power      Damage    Failure   Level
a - Stone Arrow           Conj/Erth      64%        3d11      2%          3
b - Iskenderun's Mystic   Conj/Tloc      28%        2d7       12%         4
d - Magic Dart            Conj           100%       1d8       1%          1
f - Dazzling Flash        Conj/Hex       66%        N/A       2%          3
p - Fulminant Prism       Conj/Hex       16%        3d10      7%          4
r - Searing Ray           Conj           96%        2d7       1%          2
v - Volatile Blastmotes   Fire/Tloc      16%        2d11      22%         3

Your spell library contained the following spells:

 Spells                   Type           Power      Damage    Failure   Level
 Ozocubu's Armour         Ice            8%         N/A       22%         3
 Passage of Golubria      Tloc           8%         N/A       58%         4
 Silence                  Hex/Air        6%         N/A       77%         5
 Starburst                Conj/Fire      14%        6d6       87%         6
 Ozocubu's Refrigeration  Ice            4%         4d8       100%        7
 Lehudib's Crystal Spear  Conj/Erth      16%        10d5      100%        8
 Animate Armour           Summ/Erth      Unusable   N/A       N/A         4

Dungeon Overview and Level Annotations

Branches:
Dungeon (9/15)             Temple (0/1) D:4           Sewer (visited)
   Lair: D:8-11         Orc: D:9-12

Altars:
Ashenzari
Cheibriados
Fedhas
Okawaru
Yredelemnul

Shops:
D:3 !   D:7 :   D:9 !


Innate Abilities, Weirdness & Mutations

You have sharp claws.
You have razor-sharp teeth.
You have supernaturally acute eyesight. (SInv)
You cover ground quickly. (Speed+)
You are covered in thick fur. (AC +2)
Your paws help you pounce on unaware monsters.
You are incapable of wielding weapons or throwing items.
You cannot wear armour.
You gain extra lives every three experience levels.
You have a pair of large antennae on your head. (SInv)
You are agile. (Dex +4, Str/Int -1)


Message History

You shudder from the blast and a jelly pops out!
The acid corrodes you! The hornet stings you.
You feel yourself slow down.
You hear a shout!
Press: ? - help, v - describe, . - travel
Here: a rockslime (summoned, friendly)
The floor.
The hornet attacks as you move away! The hornet completely misses you.
You feel yourself speed up.
Your rockslime hits the acid dragon!
The acid dragon is shoved backwards!
Something barely misses your rockslime.
Something claws your rockslime but does no damage.
Activating: Oozemancy (3% risk of failure)
Press: ? - help, Dir - look around, f - activate Slime begins to ooze from the nearby walls!
You will no longer expel jellies when injured.
The walls burn the hornet!
The hornet stings you!
* * * LOW HITPOINT WARNING * * *
You are poisoned.
You feel yourself slow down.
Your rockslime closely misses the hornet.
The walls burn the hornet!
The hornet closely misses you.
Something bites your rockslime but does no damage.
Something claws your rockslime.
Casting: Searing Ray (safe; 1% risk of failure)
Confirm with . or Enter, or press ? or * to list all spells.
Aiming: Searing Ray (safe; 1% risk of failure)
Press: ? - help, Shift-Dir - straight line, f - hornet
Aim: a hornet (moderately wounded, 74% to hit)
The searing ray hits the hornet!
The hornet is heavily wounded.
The searing ray hits the orc warrior.
The orc warrior is lightly wounded. (Press . to maintain the ray.)
You feel yourself speed up.
You feel very sick.
The walls burn the hornet!
The hornet closely misses you.
The wall burns the orc warrior!
The orc warrior completely misses your rockslime.
The walls burn the hornet!
The hornet stings you!
You die... ∙▒∙▒∙∙▒▒∙▒ ∙∙∙∙∙∙∙∙▒ ▒ ∙∙∙∙∙∙∙▒ ∙▒∙ ∙∙∙∙∙∙∙▒▒ ∙∙∙∙

▒▒o∙∙∙∙∙∙∙ ▒∙∙∙▒DJo∙∙∙∙▒
▒∙∙∙∙∙∙∙∙∙▒ ∙▒∙▒▒▒▒y▒▒∙▒
∙∙∙∙∙∙∙h∙J∙▒ ▒▒∙▒▒▒▒†▒▒▒▒ ▒∙▒
▒▒∙∙∙∙∙∙∙∙▒ ▒∙▒ ∙∙∙∙∙∙∙∙∙∙▒ ▒∙▒
▒ ▒▒▒▒▒▒▒∙∙∙▒▒▒∙▒ ▒∙▒ ▒∙∙▒▒▒▒▒
▒∙∙∙∙∙∙∙▒ ▒∙▒ ▒∙∙∙∙∙∙▒
▒▒∙∙▒▒∙∙▒ ▒∙▒ ▒∙∙▒▒▒∙▒ ▒∙∙▒▒∙∙▒
▒∙▒
▒▒▒▒∙∙▒▒▒∙▒▒▒▒▒∙∙▒▒∙∙▒▒▒▒▒▒▒▒∙▒


You could see a hornet, an orc warrior (ally target), an acid dragon, an orc, a
neutral jelly (wandering) (fellow slime) and a friendly rockslime (summoned).

Vanquished Creatures
  A manticore (D:7)
  6 yaks (D:8)
  A wyvern (D:8)
  An orc warrior (D:8)
  4 ice beasts
  4 black bears
  3 centaurs
  A phantom (D:7)
  5 bullfrogs
  A scorpion (D:5)
  3 wights (D:7)
  A gnoll bouda (D:7)
  4 orc priests
  2 hounds
  3 jellies (Sewer)
  5 iguanas
  6 orc wizards
  8 adders
  14 gnolls
  2 river rats (Sewer)
  A white imp (D:7)
  An ufetubus (D:5)
  2 dart slugs
  22 orcs
  8 bats
  12 endoplasms
  14 giant cockroaches
  6 goblins
  8 hobgoblins
  A jackal (D:2)
  7 quokkas
  14 ball pythons
  9 frilled lizards
  14 kobolds
  11 rats
205 creatures vanquished.

Vanquished Creatures (others)
  Joseph (D:8)
  A wyvern (D:6)
  A black bear (D:5)
  Blork the orc (D:4)
  2 scorpions
  16 jellies
  2 orcs
  10 giant cockroaches (D:3)
  A goblin (D:3)
  3 fulminant prisms (D:7)
38 creatures vanquished.

Grand Total: 243 creatures vanquished

Notes
Turn   | Place    | Note
-------+----------+-------------------------------------------
     0 | D:1      | Zeor the Felid Conjurer began the quest for the Orb.
     0 | D:1      | Reached XP level 1. HP: 7/7 MP: 4/4
   265 | D:1      | Reached XP level 2. HP: 11/11 MP: 1/6
   316 | D:1      | Learned a level 2 spell: Searing Ray
   376 | D:1      | Reached skill level 4 in Conjurations
  1148 | D:2      | Reached XP level 3. HP: 14/14 MP: 2/7
  1199 | D:2      | Learned a level 3 spell: Dazzling Flash
  1601 | D:2      | Reached XP level 4. HP: 18/18 MP: 2/8
  2012 | D:2      | Identified the +9 spear of Salt {heavy, *Corrode rPois
                  | Will+ SInv}
  2407 | D:3      | Reached skill level 5 in Conjurations
  2407 | D:3      | Reached XP level 5. HP: 11/21 MP: 3/9
  2490 | D:3      | Found a glowing drain.
  2548 | Sewer    | Entered a sewer
  3215 | Sewer    | Gained mutation: You are covered in thick fur. (AC +2)
                  | [Felid growth]
  3215 | Sewer    | Reached XP level 6. HP: 24/24 MP: 3/11
  3297 | Sewer    | Learned a level 3 spell: Stone Arrow
  3308 | Sewer    | Found a viscous altar of Jiyva.
  3323 | Sewer    | Became a worshipper of Jiyva Jepudure the Shapeless
  3506 | D:3      | Identified the +0 pair of boots "Masmoz" {rPois rF+ Str+2}
  3577 | D:3      | Found a snail-covered altar of Cheibriados.
  3753 | D:3      | Found Fismud's Distillery.
  3757 | D:3      | Bought a potion of curing for 36 gold pieces
  3806 | D:3      | Found a faded altar of an unknown god.
  4200 | D:4      | Found a basalt altar of Yredelemnul.
  4216 | D:4      | Killed from afar by an orc priest
  4217 | D:4      | Reached XP level 5. HP: -1/21 MP: 10/10
  4217 | D:4      | Reached * piety under Jiyva
  4267 | D:4      | Found an iron altar of Okawaru.
  4267 | D:4      | Found a broken altar of Ashenzari.
  4293 | D:4      | Noticed an ice beast
  4300 | D:4      | Killed an ice beast
  4391 | D:4      | Reached XP level 6. HP: 21/24 MP: 6/12
  4427 | D:4      | Reached skill level 1 in Unarmed Combat
  4539 | D:4      | Found a staircase to the Ecumenical Temple.
  4761 | D:4      | Killed Blork the orc
  4780 | D:4      | You fall into a shaft and drop 1 floor!
  4780 | D:5      | Entered Level 5 of the Dungeon
  5002 | D:4      | Reached ** piety under Jiyva
  5045 | D:5      | Reached skill level 6 in Conjurations
  5164 | D:5      | Reached XP level 7. HP: 27/27 MP: 2/14
  5569 | D:5      | Reached skill level 5 in Dodging
  5843 | D:6      | Noticed a wyvern
  5908 | D:6      | Learned a level 4 spell: Iskenderun's Mystic Blast
  5946 | D:6      | Reached skill level 5 in Spellcasting
  5952 | D:6      | Reached XP level 8. HP: 30/31 MP: 0/16
  6005 | D:6      | Found a blossoming altar of Fedhas.
  6245 | D:6      | Reached skill level 7 in Conjurations
  6245 | D:6      | Reached skill level 1 in Earth Magic
  6295 | D:6      | Reached *** piety under Jiyva
  6324 | D:6      | Learned a level 4 spell: Fulminant Prism
  6324 | D:6      | Gained mutation: You have a pair of small antennae on your
                  | head. [Jiyva's grace]
  6324 | D:6      | Gained mutation: You have a pair of antennae on your head.
                  | [Jiyva's grace]
  6324 | D:6      | Gained mutation: You have a pair of large antennae on your
                  | head. (SInv) [Jiyva's grace]
  6324 | D:6      | Gained mutation: You are agile. (Dex +4, Str/Int -1)
                  | [Jiyva's grace]
  6424 | D:6      | Reached skill level 1 in Hexes
  6477 | D:6      | Identified the +6 short sword "Raroonetwui" {elec, *Rage
                  | rC+ Str+2}
  7218 | D:7      | Reached **** piety under Jiyva
  7338 | D:7      | Reached skill level 5 in Stealth
  7353 | D:7      | Reached XP level 9. HP: 34/34 MP: 17/19
  7378 | D:7      | Found Silei's Book Shoppe.
  7437 | D:7      | Noticed a deep elf pyromancer
  7442 | D:7      | Noticed a manticore
  7489 | D:7      | HP: 1/34 [manticore/volley of spikes (18)]
  7490 | D:7      | Killed a manticore
  7491 | D:7      | Reached skill level 8 in Conjurations
  7877 | D:8      | Noticed Joseph
  7895 | D:8      | Slain by Joseph
  7896 | D:8      | Reached XP level 8. HP: -3/31 MP: 10/19
  7942 | D:8      | Killed Joseph
  8413 | D:8      | Reached skill level 1 in Fighting
  8544 | D:8      | Reached XP level 9. HP: 35/35 MP: 16/21
  8559 | D:8      | Reached skill level 9 in Conjurations
  8731 | D:9      | Found Etaevecw's Distillery.
  8739 | D:9      | Bought a potion of brilliance for 64 gold pieces
  8739 | D:9      | Bought a potion of degeneration for 16 gold pieces
  8786 | D:9      | Learned a level 3 spell: Volatile Blastmotes
  8814 | D:9      | Reached ***** piety under Jiyva
  8827 | D:9      | Mangled by a hornet

Illustrated notes

Levels and vault maps discovered:
D:1:      lightli_arrival_noodles, layout_basic, minmay_stone_trees_small,
          amcnicky_mini_pool_small
D:2:      minmay_recursive_quarters, layout_loops_ring, minmay_misc_feat_iff
D:3:      minmay_roachtagon, layout_basic, lemuel_doored_altar,
          hellmonk_ecumenical_altar_arch_garden, serial_shops,
          nicolae_shop_back_alley_shop, gup_sewer_entry_pipe, st_stairs_10
D:4:      layout_loops_ring, old_standard_altar, jmf_multi_god_temple,
          minmay_temple_entry_proselytizer, kennysheep_generic_room_2,
          uniq_blork_the_orc
D:5:      layout_cave_pods
D:6:      layout_cave_pods, fedhas_altar_2
D:7:      kennysheep_big_flooded_room, layout_basic, serial_shops,
          nicolae_diamond_shop, solitary_fountain, minmay_diced_spiral
D:8:      layout_loops_ring, uniq_joseph
D:9:      layout_loops_ring, nicolae_uskayaw_suspiria,
          nemelex_spade_bored_becter, serial_shops, shop

Skill      XL: |  1  2  3  4  5  6  7  8  9 |
---------------+----------------------------+-----
Conjurations   | 4 5 6 7 9 |  9.1
Dodging        | 3 4 5 6 8 |  8.2
Stealth        | 3 4 5 |  5.7
Spellcasting   | 3 4 5 7 |  7.8
Unarmed Combat | 1 2 |  2.1
Earth Magic    | 1 |  1.7
Hexes          | 2 |  2.4
Fighting       | 1 |  1.4

Action                     |  1- 3 |  4- 6 |  7- 9 || total
---------------------------+-------+-------+-------++-------
  Melee: Unarmed           |     7 |    26 |    17 ||    50
         Punch             |       |     1 |       ||     1
         Bite              |       |     1 |     4 ||     5
   Cast: Magic Dart        |    53 |    90 |     8 ||   151
         Searing Ray       |    10 |    36 |    49 ||    95
         Stone Arrow       |       |    12 |    24 ||    36
         Dazzling Flash    |       |     4 |     4 ||     8
         Fulminant Prism   |       |       |     3 ||     3
 Invoke: Oozemancy         |       |       |     2 ||     2
    Use: Potion            |     4 |     4 |       ||     8
         Scroll            |     3 |     3 |     9 ||    15
   Stab: Sleeping          |       |     1 |     1 ||     2
         Invisible         |       |     1 |     3 ||     4
 Armour: Skin              |     3 |     3 |     1 ||     7
  Dodge: Dodged            |    21 |    64 |   156 ||   241
